 Dungeon Crawl Stone Soup version 0.31-a0-636-ge1c0e020e0 (webtiles) character file.

Game seed: 16284469525453613332

22748 rvierbuc the Destroyer (level 12, -20/46 HPs)
             Began as a Felid Conjurer on Aug 26, 2023.
             Was a Plaything of Xom.
             Killed from afar by a lindwurm (31 damage)
             ... with a blast of flame
             ... on level 3 of the Lair of Beasts on Aug 27, 2023.
             The game lasted 02:27:56 (18454 turns).

rvierbuc the Destroyer (Felid Conjurer)            Turns: 18454, Time: 02:28:00

Health: -20/46     AC:  3    Str:  2 (3)  XL:     12   Next: 65%
Magic:  11/28      EV: 20    Int: 25      God:    Xom [......]
Gold:   978        SH:  0    Dex: 14      Spells: 1/33 levels left
                                        Lives:  0   Deaths: 3

rFire   . . .        (weapon unavailable)
rCold   + . .        (shield unavailable)
rNeg    . . .        (body armour unavailable)
rPois   +            (helmet unavailable)
rElec   .            (cloak unavailable)
rCorr   .            (gloves unavailable)
SInv    +            (boots unavailable)
Will    +....        (no amulet)
Stlth   +++          r - ring of wizardry
HPRegen 0.27/turn    u - ring of poison resistance
MPRegen 0.21/turn

%: wizardry (x1)
@: beast-form, slowed, slow
A: beast (slay +0), very small, claws 1, fangs 3, see invisible, speed 1, shaggy
fur 3, stealthy paws, no weapons or thrown items, no armour, multi-lived,
deterioration 1, mutation resistance 2, sense surroundings 3
a: Begin Untransformation, Renounce Religion


You were on level 3 of the Lair of Beasts.
You worshipped Xom.
You were a very special plaything of Xom.
You were a hulking beast.
You visited 3 branches of the dungeon, and saw 15 of its levels.
You also visited: Bailey.

You collected 978 gold pieces.

Inventory:

Hand Weapons
 o - the +11 short sword of Wrongful Imprisonment {drain, rPois Int+4 SInv}
   (You found it on level 5 of the Dungeon)

   Int+4:     It affects your intelligence (+4).
   rPois:     It protects you from poison SInv: It lets you see invisible.
Jewellery
 r - a ring of wizardry (left paw)
 u - a ring of poison resistance (right paw)
 B - the ring "Ulodumil" {rElec Dex+6}
   (You found it on level 1 of the Lair of Beasts)

   [ring of dexterity]

   Dex+6:     It affects your dexterity (+6).
   rElec:     It insulates you from electricity.
 I - a ring of resist corrosion
 J - a ring of flight
Talismans
 l - a beast talisman (active)
 w - a dragon-blood talisman
Wands
 k - a wand of flame (23)
 p - a wand of mindburst (5)
 z - a wand of paralysis (11)
 A - a wand of digging (19)
 N - a wand of roots (3)
Scrolls
 b - 6 scrolls of identify {unknown}
 e - 2 scrolls of summoning {unknown}
 h - 4 scrolls of amnesia {unknown}
 i - 6 scrolls of teleportation {unknown}
 s - 5 scrolls of revelation {unknown}
 t - a scroll of blinking {unknown}
 y - a scroll of noise {unknown}
 C - 2 scrolls of brand weapon {unknown}
 D - 2 scrolls of enchant armour {unknown}
 E - 2 scrolls of immolation {unknown}
 F - a scroll of acquirement {unknown}
 G - 2 scrolls of enchant weapon {unknown}
 H - a scroll of fog {unknown}
 L - a scroll of torment {unknown}
 M - a scroll of silence {unknown}
Potions
 a - a potion of experience
 c - 3 potions of brilliance
 d - a potion of magic
 f - a potion of cancellation {unknown}
 g - a potion of haste {unknown}
 j - 2 potions of degeneration {unknown}
 m - 2 potions of attraction {unknown}
 n - a potion of curing
 q - 3 potions of lignification {unknown}
 v - a potion of might {unknown}
 x - a potion of enlightenment {unknown}
 K - a potion of heal wounds


   Skills:
 - Level 2.1 Fighting
 + Level 7.4 Dodging
 + Level 6.1 Stealth
 + Level 0.9 Unarmed Combat
 - Level 11.0 Spellcasting
 + Level 13.1 Conjurations
 + Level 12.9 Hexes
 + Level 2.0 Translocations
 + Level 1.3 Evocations
 + Level 0.7 Shapeshifting


You had one spell level left.
You knew the following spells:

 Your Spells              Type           Power      Damage    Failure   Level
a - Magic Dart            Conj           100%       1d8       0%          1
b - Searing Ray           Conj           100%       2d8       1%          2
c - Fulminant Prism       Conj/Hex       34%        3d16      1%          4
d - Iskenderun's Mystic   Conj/Tloc      51%        2d11      1%          4
e - Animate Dead          Necr           13%        N/A       17%         4
f - Iskenderun's Battles  Conj           68%        2d12      1%          5
g - Fireball              Conj/Fire      23%        3d11      3%          5
h - Orb of Destruction    Conj           34%        9d10      7%          7

Your spell library contained the following spells:

 Spells                   Type           Power      Damage    Failure   Level
 Slow                     Hex            100%       N/A       0%          1
 Lesser Beckoning         Tloc           48%        N/A       1%          2
 Static Discharge         Conj/Air       92%        2-6/arc   1%          2
 Confusing Touch          Hex            68%        N/A       1%          3
 Dazzling Flash           Conj/Hex       100%       N/A       1%          3
 Hailstorm                Conj/Ice       46%        3d11      1%          3
 Gell's Gravitas          Tloc           24%        N/A       2%          3
 Teleport Other           Tloc           24%        N/A       2%          3
 Vampiric Draining        Necr           13%        2d6       5%          3
 Conjure Ball Lightning   Conj/Air       23%        3x3d6     19%         6
 Leda's Unmaking          Conj/Erth      23%        9d4       19%         6
 Borgnjor's Vile Clutch   Necr/Erth      6%         N/A       43%         5
 Death Channel            Necr           6%         N/A       92%         6
 Haunt                    Necr/Summ      6%         N/A       100%        7
 Ozocubu's Refrigeration  Ice            6%         4d8       100%        7
 Infestation              Necr           6%         N/A       100%        8


Dungeon Overview and Level Annotations

Branches:
Dungeon (11/15)            Temple (1/1) D:4            Lair (3/5) D:9
 Shoals (0/4) Lair:3        Snake (0/4) Lair:3       Bailey (visited)
    Orc: D:9-12

Altars:
Ashenzari
Cheibriados
Dithmenos
Elyvilon
Fedhas
Gozag
Hepliaklqana
Kikubaaqudgha
Makhleb
Nemelex Xobeh
Okawaru
Qazlal
Ru
Sif Muna
Trog
Uskayaw
Vehumet
Wu Jian
Xom
Yredelemnul
Zin
The Shining One

Shops:
D:2 *   D:10 [   D:11 *

Annotations:
Lair:1 2 runed translucent doors, Aneuramo's ghost, journeyman OpSh


Innate Abilities, Weirdness & Mutations

You are a hulking beast.
Your limbs bulge with bestial killing power. (Slay +0)
You have sharp claws.
You have razor-sharp teeth.
You have supernaturally acute eyesight. (SInv)
You cover ground quickly. (Speed+)
Your thick and shaggy fur keeps you warm. (AC +3, rC+)
Your paws help you pounce on unaware monsters.
You are incapable of wielding weapons or throwing items.
You cannot wear armour.
You gain extra lives every three experience levels.
Your body sometimes deteriorates upon taking damage.
You are somewhat resistant to both further mutation and mutation removal.
You passively map a large area around you.


Message History

Aim: a lindwurm (wandering, hasn't noticed you)
Okay, then.
Casting: Fulminant Prism (safe; 1% risk of failure)
Confirm with . or Enter, or press ? or * to list all spells.
Aiming: Orb of Destruction (extremely dangerous; 7% risk of failure)
Press: ? - help, Shift-Dir - straight line, f - lindwurm
Aim: a lindwurm (wandering, hasn't noticed you)
The lindwurm roars!
The lindwurm breathes flames at you. The blast of flame hits you!!
Ouch! That really hurt!
* * * LOW HITPOINT WARNING * * *
Your orb of destruction hits a rock wall. "The weather's been a little too boring around here."
Casting: Orb of Destruction (extremely dangerous; 7% risk of failure)
Confirm with . or Enter, or press ? or * to list all spells.
Aiming: Fulminant Prism (safe; 1% risk of failure)
Press: ? - help, Dir - move target, p - lindwurm You conjure a prism of explosive energy!
A fulminant prism comes into view.
You are engulfed in seething chaos.
You feel yourself slow down.
Your fulminant prism crackles loudly.
Your fulminant prism explodes!
The blast of energy engulfs the lindwurm!
The lindwurm is moderately wounded.
You hear a croak.
Casting: Fulminant Prism (safe; 1% risk of failure)
Confirm with . or Enter, or press ? or * to list all spells.
You conjure a globe of magical energy.
The lindwurm breathes flames at you. The blast of flame misses you.
The lindwurm bites your battlesphere!!
The lindwurm claws your battlesphere. x2
Your battlesphere is destroyed!
You hear Xom's avuncular chuckle.
The lindwurm suddenly seems more resistant.
The lindwurm breathes flames at you. The blast of flame hits you!!
Ouch! That really hurt!
You die...
Xom snickers!

~~~P~~~~...............#..#
♣P~~~P~~~.................
#
*♣....................#...
♣.........#...........#.##
♣.........................
#.....#...#...............
#.........#...............
#.........#...............
##....P#..h...##.#####.....
#......P......#### #..'..
##......○..#...# ##.P##
#......k####..## #....
##.......k....# ##....
#............## #.....
#......#.#....#######.....
#......##....#.##.P###....
#......##......###...##....


You could see a lindwurm (resistant, catching breath).

Vanquished Creatures
  A dancing weapon (D:9)
  2 two-headed ogres (D:9)
  Amaemon (Lair:2)
  2 orc knights (Bailey)
  A manticore (D:11)
  2 black mambas
  An orange demon (Lair:2)
  2 cane toads
  A torpor snail (Lair:1)
  A yaktaur (Lair:1)
  A troll (D:10)
  4 hornets
  4 blink frogs (Lair:3)
  A raiju (Lair:1)
  Sigmund (D:2)
  A wraith (D:11)
  36 yaks
  5 wyverns
  2 basilisks
  3 steam dragons
  A naga (Lair:3)
  3 acid dragons
  9 water moccasins
  2 ice beasts
  A sky beast (D:6)
  11 orc warriors
  A black bear (D:5)
  2 ogres (D:5)
  16 wolves
  3 centaurs
  A phantom (D:6)
  A kobold brigand (D:11)
  5 bullfrogs
  5 scorpions
  4 wights (D:9)
  5 killer bees (D:9)
  2 electric eels (Lair:3)
  2 howler monkeys
  A hound (D:6)
  3 gnoll boudas
  7 orc priests
  2 sleepcaps
  14 orc wizards
  15 adders
  13 gnolls
  8 river rats (D:5)
  4 shadow imps
  A white imp (D:5)
  An ufetubus (D:5)
  6 worms
  5 dart slugs
  43 orcs
  5 ball pythons
  3 bats
  6 endoplasms
  4 giant cockroaches
  5 goblins
  7 hobgoblins
  5 jackals
  7 kobolds
  7 quokkas
  5 frilled lizards
  24 rats
  2 butterflies (Lair:2)
349 creatures vanquished.

Vanquished Creatures (collateral kills)
  A hydra (Lair:2)
  A two-headed ogre (D:9)
  An orc knight (Bailey)
  A hornet (D:9)
  A wyvern (D:8)
  A yak (D:10)
  A steam dragon (D:9)
  An orc wizard (D:8)
  3 kobolds (D:10)
11 creatures vanquished.

Vanquished Creatures (others)
  A dancing weapon (Bailey)
  An orc (D:8)
  A butterfly (Lair:2)
  202 fulminant prisms
205 creatures vanquished.

Grand Total: 565 creatures vanquished

Notes
Turn   | Place    | Note
-------+----------+-------------------------------------------
     0 | D:1      | rvierbuc the Felid Conjurer began the quest for the Orb.
     0 | D:1      | Reached XP level 1. HP: 7/7 MP: 4/4
     2 | D:1      | Noticed a naga
     2 | D:1      | Noticed a meteoran
     4 | D:1      | Noticed a human
     4 | D:1      | Noticed a formicid
     6 | D:1      | Noticed a demigod
     8 | D:1      | Noticed a draconian
     8 | D:1      | Noticed a ghoul
    10 | D:1      | Noticed a minotaur
    10 | D:1      | Noticed a vampire
    12 | D:1      | Noticed a merfolk
    12 | D:1      | Noticed an elf
    14 | D:1      | Noticed a troll
    14 | D:1      | Noticed a tengu
    16 | D:1      | Noticed a demonspawn
    16 | D:1      | Noticed an armataur
    18 | D:1      | Noticed a felid
    18 | D:1      | Noticed a gargoyle
    20 | D:1      | Noticed a vine stalker
    22 | D:1      | Noticed a spriggan
    24 | D:1      | Noticed a draconian
    24 | D:1      | Noticed an octopode
    26 | D:1      | Noticed an ogre
   320 | D:1      | Reached XP level 2. HP: 11/11 MP: 3/6
   323 | D:1      | Learned a level 2 spell: Searing Ray
   354 | D:1      | Reached skill level 4 in Conjurations
  1158 | D:2      | Reached XP level 3. HP: 14/14 MP: 2/7
  1228 | D:2      | Found an ancient bone altar of Kikubaaqudgha.
  1484 | D:2      | Noticed Sigmund
  1641 | D:2      | Found Qoubly Miqi's General Store.
  1800 | D:2      | Killed Sigmund
  1801 | D:2      | Reached skill level 5 in Conjurations
  1801 | D:2      | Reached XP level 4. HP: 1/18 MP: 0/9
  1801 | D:2      | Reached XP level 5. HP: 1/21 MP: 0/10
  2139 | D:3      | Learned a level 4 spell: Fulminant Prism
  2748 | D:3      | Found a faded altar of an unknown god.
  2773 | D:3      | Gained mutation: You are covered in thick fur. (AC +2)
                  | [Felid growth]
  2773 | D:3      | Reached XP level 6. HP: 24/24 MP: 8/12
  3555 | D:4      | Found a staircase to the Ecumenical Temple.
  3664 | D:4      | Reached skill level 6 in Conjurations
  3689 | Temple   | Entered the Ecumenical Temple
  3702 | Temple   | Became a worshipper of Xom the Fickle
  3783 | D:4      | XOM: fog
  4067 | D:4      | Found a broken altar of Ashenzari.
  4400 | D:4      | Identified the +1 ring mail of the Special Lives {Stlth+}
  4436 | D:5      | Entered Level 5 of the Dungeon
  4460 | D:4      | Reached XP level 7. HP: 19/27 MP: 6/14
  4645 | D:5      | XOM: butterfly on damage
  4656 | D:5      | XOM: destruction
  4747 | D:5      | Found a snail-covered altar of Cheibriados.
  4747 | D:5      | XOM: 1-stop teleportation journey
  4823 | D:5      | Reached skill level 5 in Spellcasting
  4957 | D:5      | Identified the +11 short sword of Wrongful Imprisonment
                  | {drain, rPois Int+4 SInv}
  5019 | D:5      | XOM: fog
  5353 | D:5      | XOM is BORED!
  5353 | D:5      | XOM: summons 1 hostile demon
  5503 | D:5      | Reached skill level 7 in Conjurations
  5503 | D:5      | Reached XP level 8. HP: 31/31 MP: 11/17
  5674 | D:5      | XOM: 1-stop teleportation journey
  5879 | D:5      | XOM: 2-stop teleportation journey
  6320 | D:5      | Reached skill level 1 in Fighting
  6981 | D:6      | Reached skill level 8 in Conjurations
  7191 | D:6      | XOM: divination: magic mapping
  7451 | D:6      | XOM: god gift: kite shield {god gift}
  7535 | D:6      | Reached XP level 9. HP: 35/35 MP: 13/20
  7644 | D:6      | XOM: give mutation
  7644 | D:6      | Gained mutation: You passively map a small area around you.
                  | [Xom's grace]
  7665 | D:7      | XOM: scenery: 4 doors open
  7668 | D:7      | XOM: enchant monster (good)
  7840 | D:7      | XOM: divination: magic mapping
  7853 | D:7      | Reached skill level 5 in Stealth
  7890 | D:7      | XOM: god gift: wand of paralysis (7)
  7916 | D:7      | XOM: divination: magic mapping
  8255 | D:7      | XOM: give mutations
  8255 | D:7      | Gained mutation: You are partially covered in iridescent
                  | scales. (AC +2) [Xom's grace]
  8255 | D:7      | Gained mutation: You are somewhat resistant to further
                  | mutation. [Xom's grace]
  8255 | D:7      | Gained mutation: Your mind is acute. (Int +4, Str/Dex -1)
                  | [Xom's grace]
  8255 | D:7      | Gained mutation: You passively map the area around you.
                  | [Xom's grace]
  8373 | D:7      | Found a shadowy altar of Dithmenos.
  8462 | D:7      | Found a glowing golden altar of the Shining One.
  8467 | D:7      | Found an iron altar of Okawaru.
  9028 | D:8      | XOM: fog
  9038 | D:8      | Reached skill level 9 in Conjurations
  9212 | D:8      | XOM: summons 3 friendly demons
  9344 | D:8      | XOM: give mutations
  9344 | D:8      | Gained mutation: Your spells are a little harder to cast,
                  | but a little more powerful. [Xom's grace]
  9344 | D:8      | Gained mutation: You possess an exceptional clarity of
                  | mind. [Xom's grace]
  9430 | D:8      | XOM: 2-stop teleportation journey
  9560 | D:8      | XOM: summons friendly quasit
  9569 | D:8      | XOM: summons friendly iron imp
  9581 | D:8      | Reached skill level 1 in Hexes
  9598 | D:8      | Learned a level 4 spell: Iskenderun's Mystic Blast
  9854 | D:8      | XOM: cloud trail
  9987 | D:9      | XOM: summons friendly white imp
  9990 | D:9      | Reached XP level 10. HP: 32/40 MP: 9/23
 10151 | D:9      | Noticed a two-headed ogre
 10287 | D:9      | XOM: summons 10 friendly demons
 10377 | D:9      | Noticed a two-headed ogre
 10387 | D:9      | XOM: cleaving
 10393 | D:9      | Killed a two-headed ogre
 10394 | D:9      | Reached skill level 10 in Conjurations
 10403 | D:9      | Killed a two-headed ogre
 10404 | D:9      | Reached skill level 5 in Dodging
 10404 | D:9      | Reached skill level 5 in Hexes
 10404 | D:9      | Reached skill level 1 in Evocations
 10688 | D:9      | XOM: god gift: glowing morningstar {god gift}
 10924 | D:9      | Noticed a two-headed ogre
 10935 | D:9      | Killed a two-headed ogre
 10936 | D:9      | Reached skill level 10 in Spellcasting
 11135 | D:9      | Found a staircase to the Lair.
 11179 | D:9      | Reached XP level 11. HP: 43/43 MP: 11/26
 11407 | D:9      | Got Sif Muna's Tome of Frozen Fulmination
 11622 | D:10     | Entered Level 10 of the Dungeon
 11828 | D:10     | Found a flagged portal.
 11843 | Bailey   | Entered a bailey
 11900 | Bailey   | XOM: butterfly on damage
 11948 | Bailey   | XOM: polymorph orc warrior -> ice beast
 12198 | Bailey   | XOM: summons 2 hostile shadow creatures
 12199 | Bailey   | Noticed an orc knight
 12235 | Bailey   | HP: 1/43 [orc warrior/bolt (19)]
 12236 | Bailey   | XOM: fog
 12313 | Bailey   | HP: 2/43 [orc warrior/bolt (14)]
 12314 | Bailey   | Shot with a bolt by an orc warrior
 12372 | Bailey   | XOM: god gift: 31 gold pieces
 12462 | Bailey   | XOM: 1-stop teleportation journey
 12619 | Bailey   | Noticed an orc knight
 12637 | Bailey   | Killed an orc knight
 12638 | Bailey   | Reached skill level 11 in Conjurations
 12674 | Bailey   | Noticed an orc knight
 12698 | Bailey   | Killed an orc knight
 12717 | Bailey   | Noticed an orc knight
 12721 | Bailey   | Killed an orc knight
 12959 | D:10     | XOM: confuse monster(s)
 13180 | D:10     | Found a blossoming altar of Fedhas.
 13191 | D:10     | XOM: scenery: create altars
 13316 | D:10     | Found Bixummu's Antique Armour Shoppe.
 13509 | D:10     | XOM: god gift: robe {god gift}
 13738 | D:10     | XOM: god gift: potion of brilliance
 13816 | D:10     | Reached skill level 10 in Hexes
 14082 | D:11     | Found Qikihipe's General Store.
 14084 | D:11     | Noticed a boulder beetle
 14086 | D:10     | XOM: summons 11 friendly demons
 14209 | D:11     | XOM: destruction
 14243 | D:11     | HP: 1/43 [boulder beetle (8)]
 14400 | D:10     | XOM: give mutations
 14400 | D:10     | Gained mutation: You passively map a large area around you.
                  | [Xom's grace]
 14400 | D:10     | Gained mutation: You are somewhat resistant to both further
                  | mutation and mutation removal. [Xom's grace]
 14406 | D:10     | XOM: god gift: scroll labelled KEOCUL DOUFISY {god gift}
 14427 | D:11     | Noticed a cyan ugly thing
 14429 | D:11     | XOM: divination: detect creatures
 14433 | D:11     | XOM: scenery: 3 doors open, 1 doors close
 14433 | D:11     | Noticed a brown ugly thing
 14463 | D:10     | XOM: stat loss: -1 Dex (12/13)
 14500 | Lair:1   | Entered Level 1 of the Lair of Beasts
 14795 | Lair:1   | Learned a level 4 spell: Animate Dead
 14828 | Lair:1   | Reached skill level 12 in Conjurations
 14866 | Lair:1   | Gained mutation: Your thick and shaggy fur keeps you warm.
                  | (AC +3, rC+) [Felid growth]
 14866 | Lair:1   | Reached XP level 12. HP: 46/46 MP: 0/28
 14870 | Lair:1   | Found a large runed translucent door.
 14871 | Lair:1   | Found a large runed translucent door.
 14871 | Lair:1   | Noticed Aneuramo's ghost (journeyman OpSh)
 14895 | Lair:1   | XOM: give mutations
 14895 | Lair:1   | Lost mutation: Your mind is acute. (Int +4, Str/Dex -1)
                  | [Xom's mischief]
 14895 | Lair:1   | Gained mutation: Your body sometimes deteriorates upon
                  | taking damage. [Xom's mischief]
 14977 | Lair:1   | XOM: 2-stop teleportation journey
 14980 | Lair:1   | XOM: polymorph cane toad -> yaktaur
 14990 | Lair:1   | XOM: 4-stop teleportation journey
 15155 | Lair:1   | Identified the ring "Ulodumil" {rElec Dex+6}
 15371 | Lair:1   | Reached skill level 1 in Translocations
 15656 | Lair:1   | XOM: stat loss: -1 Dex (13/14)
 15958 | Lair:1   | XOM: polymorph rime drake -> raiju
 15966 | Lair:1   | XOM: repel stairs
 16162 | D:10     | XOM: give mutations
 16162 | D:10     | Lost mutation: You possess an exceptional clarity of mind.
                  | [Xom's mischief]
 16162 | D:10     | Lost mutation: Your spells are a little harder to cast, but
                  | a little more powerful. [Xom's mischief]
 16162 | D:10     | Lost mutation: You are partially covered in iridescent
                  | scales. (AC +2) [Xom's mischief]
 16301 | Lair:2   | Noticed Amaemon
 16333 | Lair:2   | XOM: summons 7 hostile demons
 16402 | Lair:2   | Killed Amaemon
 17567 | Lair:2   | Noticed an eight-headed hydra
 17578 | Lair:2   | XOM: summons 5 friendly demons
 17591 | Lair:2   | Killed an eight-headed hydra
 17680 | Lair:3   | XOM: smoke on damage
 17680 | Lair:3   | Paralysed by a hornet for 2 turns
 17681 | Lair:3   | XOM: summons friendly white imp
 17681 | Lair:3   | Mangled by a black mamba
 17686 | Lair:3   | XOM: polymorph white imp -> iron imp
 17693 | Lair:3   | XOM: 2-stop teleportation journey
 17819 | Lair:3   | Reached skill level 13 in Conjurations
 17833 | Lair:3   | Slain by a blink frog
 17851 | Lair:3   | Learned a level 5 spell: Iskenderun's Battlesphere
 17857 | Lair:3   | Learned a level 5 spell: Fireball
 18061 | Lair:3   | XOM: fake destruction
 18084 | Lair:3   | XOM: god gift: 3 stones
 18104 | Lair:3   | XOM: 1-stop teleportation journey
 18153 | Lair:3   | Learned a level 7 spell: Orb of Destruction
 18255 | Lair:3   | Found a staircase to the Shoals.
 18443 | Lair:3   | XOM: chaos cloud
 18454 | Lair:3   | XOM: enchant monster (bad)
 18454 | Lair:3   | Killed from afar by a lindwurm

Illustrated notes

Levels and vault maps discovered:
D:1:      kb_arrival_jail, layout_basic, hangedman_decor_points
D:2:      layout_rooms, basic_altar, serial_shops, nicolae_diamond_shop,
          roderic_lattice_a, uniq_sigmund
D:3:      layout_rooms, nicolae_ecumenical_snake_handling, minmay_diced_spiral
D:4:      layout_loops_cross, evilmike_ruin_ashenzari,
          minmay_temple_entry_mini_moons, serial_glass, glass_columns_a,
          glass_columns_a, kennysheep_generic_room_10
D:5:      lemuel_ratsnest, layout_loops_cross,
          mainiacjoe_overflow_concentric_impassable,
          minmay_misc_feat_four_crosses, kennysheep_generic_room_15
D:6:      layout_basic
D:7:      layout_basic, mainiacjoe_overflow_24_doors, minitemple
D:8:      layout_gridville
D:9:      minmay_evil_eye, layout_irregular_city,
          grunt_lair_entry_orc_guard_hut, grunt_decor_resistance,
          minmay_splitting_lines, minmay_stone_trees_medium
D:10:     layout_grid_maze, general_overflow_altar, enter_bailey_2,
          serial_shops, shop, feat_on_display
D:11:     minmay_the_grid_square_5x5_3x3 [minmay_the_grid_square_5x5_three,
          minmay_the_grid_square_5x5_slash,
          minmay_the_grid_square_5x5_beaten_path,
          minmay_the_grid_square_5x5_half_checkered,
          minmay_the_grid_square_5x5_megaprize_checkered,
          minmay_the_grid_square_5x5_one_wall,
          minmay_the_grid_square_5x5_minivault,
          minmay_the_grid_square_5x5_two_small,
          minmay_the_grid_square_5x5_hollow_slash], layout_basic, serial_shops,
          shop, lightli_wizard_tower
Temple:   nicolae_temple_x_marks_the_god
Lair:1:   layout_chaotic_city, ebering_ghost_disaster_area, lemuel_fruit_tree
Lair:2:   layout_hall_layers, grunt_megastairs_2, lemuel_fruit_fields,
          uniq_amaemon
Lair:3:   layout_chaotic_city, elwin_shoals_entry_rocks,
          guppyfry_snake_entry_garden, serial_bayou_shore_a

Skill      XL: |  1  2  3  4  5  6  7  8  9 10 11 12 |
---------------+-------------------------------------+-----
Conjurations   | 4 5 6 7 8 9 10 12 13 | 13.1
Stealth        | 3 4 5 6 |  6.1
Dodging        | 3 4 5 7 |  7.4
Spellcasting   | 3 4 5 7 8 10 11 | 11.0
Fighting       | 1 2 |  2.1
Hexes          | 3 6 10 12 | 12.9
Evocations     | 1 |  1.3
Translocations | 2 |  2.0
Unarmed Combat | |  0.9
Shapeshifting  | |  0.7

Action                     |  1- 3 |  4- 6 |  7- 9 | 10-12 || total
---------------------------+-------+-------+-------+-------++-------
  Melee: Unarmed           |       |     3 |    15 |     8 ||    26
         Bite              |       |       |     1 |     1 ||     2
   Cast: Magic Dart        |    77 |   135 |   149 |    84 ||   445
         Searing Ray       |       |    15 |    48 |    22 ||    85
         Fulminant Prism   |       |       |    15 |   190 ||   205
         Iskenderun's Myst |       |       |       |     4 ||     4
         Iskenderun's Batt |       |       |       |     2 ||     2
         Fireball          |       |       |       |     1 ||     1
         Orb of Destructio |       |       |       |     1 ||     1
  Evoke: Wand              |       |       |     4 |     2 ||     6
    Use: Potion            |       |     3 |       |     6 ||     9
 Armour: Skin              |     2 |     2 |     7 |     6 ||    17
  Dodge: Dodged            |     6 |    43 |    73 |   135 ||   257
   Form: Beast             |       |       |     1 |       ||     1

Table legend: (Time is in decaauts)
 A = Elapsed time spent in this place.
 B = Non-inter-level travel time spent in this place.
 C = Inter-level travel time spent in this place.
 D = Time resting spent in this place.
 E = Time spent auto-exploring this place.
 F = Levels seen in this place.
 G = Mean time per level.
                   A        B        C        D        E       F      G
               +--------+--------+--------+--------+--------+-----+--------+
         Total |  16514 |  16021 |    493 |   1681 |  11674 |  16 | 1032.1 |
       Dungeon |  11977 |  11600 |    377 |    863 |   9078 |  11 | 1088.8 |
        Temple |     80 |     72 |      8 |     58 |      0 |   1 |   80.0 |
          Lair |   3506 |   3399 |    107 |    360 |   2435 |   3 | 1168.7 |
        Bailey |    949 |    949 |      0 |    400 |    160 |   1 |  949.0 |
               +--------+--------+--------+--------+--------+-----+--------+

Top non-repeatable levels by time:
     D:5: 1894 daAuts
  Lair:1: 1592 daAuts
    D:10: 1444 daAuts
     D:9: 1423 daAuts
  Lair:2: 1207 daAuts
     D:8: 1154 daAuts
     D:4: 1138 daAuts
     D:3: 1048 daAuts
     D:2: 1048 daAuts
     D:7: 959 daAuts
  Bailey: 949 daAuts
     D:1: 870 daAuts
     D:6: 850 daAuts
  Lair:3: 706 daAuts
    D:11: 146 daAuts
